 Dungeon Crawl Stone Soup version 0.30-a0-728-gc68057be0a (webtiles) character file.

Game seed: 14946761278289441019

1655 IdlyInterested the Slicer (level 8, -6/60 HPs)
             Began as a Demonspawn Gladiator on Jan 30, 2023.
             Killed by vampiric draining
             ... invoked by a vampire
              (17 damage)
             ... on level 6 of the Dungeon.
             The game lasted 00:17:38 (6043 turns).

IdlyInterested the Slicer (Demonspawn Gladiator)    Turns: 6043, Time: 00:17:38

Health: -6/60      AC:  9    Str: 15    XL:     8   Next: 68%
Magic:  11/11      EV: 13    Int:  9    God:
Gold:   352        SH:  0    Dex: 17    Spells: 7/7 levels left

rFire   + + .      SeeInvis .    g - +0 short sword (freeze)
rCold   + . .      Faith    .    (no shield)
rNeg    . . .      Spirit   .    o - +2 leather armour {rC+}
rPois   .          Reflect  .    F - +1 hat
rElec   .          Harm     .    u - +0 cloak
rCorr   .          Rampage  .    (no gloves)
Will    .....                    (no boots)
Stlth   +                        (no amulet)
HPRegen 0.30/turn                f - ring of protection from fire
MPRegen 0.24/turn                n - ring of protection from fire

@: no status effects
A: icy blue scales 1, ignite blood 1, magic regeneration, demonic touch 1
a: no special abilities


You were on level 6 of the Dungeon.
You visited 2 branches of the dungeon, and saw 7 of its levels.
You also visited: Ossuary.

You collected 352 gold pieces.

Inventory:

Hand Weapons
 a - a +0 rapier
 g - a +0 short sword of freezing (weapon)
 w - a +1 dagger of flaming
Missiles
 e - 7 javelins
 k - 10 stones (quivered)
 r - 3 boomerangs
 H - 3 poisoned darts
Armour
 o - a +2 leather armour of cold resistance (worn)
 u - a +0 cloak (worn)
 v - a +0 helmet
 F - a +1 hat (worn)
Jewellery
 f - a ring of protection from fire (left hand)
 i - a ring of wizardry
 n - a ring of protection from fire (right hand)
 t - a ring of protection from cold
Wands
 y - a wand of charming (5)
 E - a wand of flame (16)
Scrolls
 l - 5 scrolls of teleportation
 m - a scroll of butterflies
 s - 5 scrolls of immolation
 B - a scroll of blinking {unknown}
 C - a scroll of torment {unknown}
 G - a scroll of poison
Potions
 b - 3 potions of curing
 c - 3 potions of cancellation
 h - 2 potions of might
 p - 2 potions of ambrosia {unknown}
 q - a potion of resistance {unknown}
 x - 3 potions of mutation {unknown}
 z - a potion of attraction {unknown}
 A - a potion of flight {unknown}
 D - a potion of berserk rage {unknown}


   Skills:
 - Level 4.0 Fighting
 * Level 8.9 Short Blades
 - Level 1.7 Throwing
 - Level 4.0 Dodging
 + Level 1.7 Unarmed Combat
 - Level 4.0 Invocations


You had 7 spell levels left.
You didn't know any spells.
Your spell library contained the following spells:

 Spells                   Type           Power      Damage    Failure   Level
 Summon Guardian Golem    Hex/Summ       0%         N/A       83%         3
 Iskenderun's Battlesphe  Conj           0%         2d6       100%        5
 Iron Shot                Conj/Erth      0%         9d1       100%        6
 Orb of Destruction       Conj           0%         9d5       100%        7
 Spellforged Servitor     Conj/Summ      0%         N/A       100%        7


Dungeon Overview and Level Annotations

Branches:
Dungeon (6/15)             Temple (1/1) D:5         Ossuary (visited)

Altars:
Ashenzari
Cheibriados
Dithmenos
Fedhas
Hepliaklqana
Kikubaaqudgha
Makhleb
Nemelex Xobeh
Okawaru
Qazlal
Ru
Sif Muna
Trog
Vehumet
Wu Jian
Xom


Innate Abilities, Weirdness & Mutations

You are partially covered in icy blue scales. (AC +2)
Your demonic aura sometimes causes spilled blood to erupt in flames.
You regenerate magic rapidly.
Your touch may inflict minor irresistible damage on your foes.


Message History

Press: ? - help, Shift-Dir - straight line You throw a throwing net.
Something barely misses you. Something bites you but does no damage.
Throw: 2 throwing nets
Press: ? - help, Shift-Dir - straight line You throw a throwing net.
Something hits you!
* * * LOW HITPOINT WARNING * * *
Something bites you.
* * * LOW HITPOINT WARNING * * *
Something draws strength from your injuries!
Throw: throwing net
Press: ? - help, Shift-Dir - straight line You throw a throwing net.
Something gets caught in the net!
Something wriggles in the net.
You hit something. You freeze something. You barely miss something.
You touch something!
A vampire appears from thin air!
Reactivating autopickup.
The vampire struggles against the net.
You hit the vampire but do no damage.
You touch the vampire!
The vampire is almost destroyed.
You hit the vampire but do no damage.
The vampire is almost destroyed.
The vampire points at you and mumbles some strange words.
You are confused.
The vampire struggles against the net.
You closely miss the vampire.
The vampire is severely damaged.
You hit the vampire but do no damage.
The vampire is severely damaged.
You hit the vampire.
The vampire is almost destroyed.
The vampire gestures wildly while chanting.
The vampire flickers and vanishes!
Deactivating autopickup; reactivate with Ctrl-A.
Something wriggles in the net.
You bump into the rock wall.
You feel better. Something draws life force from you!
You die...

######. .......
.......##
........#
........#
........#
.......)#######
......).{.)..<#
#######@#####.##
#........#
.......#.#
...######.#
..#.# #<# ####.#
### ... #.#


There were no monsters in sight!

Vanquished Creatures
  Grinder (D:5)
  Sigmund (D:5)
  Edmund (D:5)
  3 black bears
  An ogre (D:5)
  A phantom (D:5)
  2 hounds
  A human zombie (Ossuary)
  2 gnoll boudas (D:4)
  3 jellies
  An orc priest (D:6)
  Crazy Yiuf (D:3)
  An iguana (D:4)
  A hound zombie (Ossuary)
  4 mummies (Ossuary)
  Robin (D:3)
  15 gnolls
  6 adders
  A white imp (D:5)
  An ufetubus (D:4)
  3 worms (D:2)
  3 dart slugs
  17 orcs
  6 endoplasms
  2 giant cockroaches
  14 goblins
  13 hobgoblins
  3 jackals (D:4)
  5 kobolds
  7 quokkas
  6 ball pythons
  4 bats
  4 frilled lizards
  A gnoll zombie (Ossuary)
  A goblin zombie (Ossuary)
  2 hobgoblin zombies (Ossuary)
  2 jackal zombies (Ossuary)
  An orc zombie (Ossuary)
  2 rats
  3 rat zombies (Ossuary)
147 creatures vanquished.

Notes
Turn   | Place    | Note
-------+----------+-------------------------------------------
     0 | D:1      | IdlyInterested the Demonspawn Gladiator began the quest for
                  | the Orb.
     0 | D:1      | Reached XP level 1. HP: 16/16 MP: 1/1
   145 | D:1      | Reached skill level 3 in Short Blades
   304 | D:1      | Gained mutation: Your touch may inflict minor irresistible
                  | damage on your foes. [demonic ancestry]
   304 | D:1      | Reached XP level 2. HP: 20/22 MP: 2/2
   326 | D:1      | Found a faded altar of an unknown god.
  1095 | D:2      | Reached XP level 3. HP: 28/28 MP: 3/3
  1343 | D:2      | Found a hazy altar of Hepliaklqana.
  1678 | D:3      | Reached skill level 4 in Short Blades
  1678 | D:3      | Gained mutation: You regenerate magic rapidly. [demonic
                  | ancestry]
  1678 | D:3      | Reached XP level 4. HP: 33/35 MP: 4/4
  1960 | D:3      | Gained mutation: Your demonic aura sometimes causes spilled
                  | blood to erupt in flames. [demonic ancestry]
  1960 | D:3      | Reached XP level 5. HP: 41/41 MP: 5/5
  2241 | D:3      | Noticed a black bear
  2265 | D:3      | Killed a black bear
  2266 | D:3      | Reached skill level 5 in Short Blades
  2273 | D:3      | Reached XP level 6. HP: 7/48 MP: 6/6
  2632 | D:3      | Found a runed translucent door.
  2635 | D:3      | Noticed Crazy Yiuf
  2642 | D:3      | Killed Crazy Yiuf
  2726 | D:3      | Noticed Robin
  2745 | D:3      | Killed Robin
  3110 | D:4      | Reached skill level 6 in Short Blades
  3145 | D:4      | Gained mutation: You are partially covered in icy blue
                  | scales. (AC +2) [demonic ancestry]
  3145 | D:4      | Reached XP level 7. HP: 47/54 MP: 7/7
  4225 | D:5      | Entered Level 5 of the Dungeon
  4230 | D:5      | Found a staircase to the Ecumenical Temple.
  4307 | D:5      | Found a sand-covered staircase.
  4329 | Ossuary  | Entered an ossuary
  4364 | Ossuary  | Reached skill level 7 in Short Blades
  4459 | Ossuary  | Reached skill level 1 in Invocations
  4636 | Temple   | Entered the Ecumenical Temple
  5277 | D:5      | Reached XP level 8. HP: 52/60 MP: 9/9
  5310 | D:5      | Noticed Grinder
  5321 | D:5      | Paralysed by Grinder for 4 turns
  5335 | D:5      | Killed Grinder
  5336 | D:5      | Reached skill level 8 in Short Blades
  5615 | D:5      | Noticed Edmund
  5632 | D:5      | Killed Edmund
  5815 | D:5      | Noticed Sigmund
  5824 | D:5      | Killed Sigmund
  5825 | D:5      | Reached skill level 1 in Unarmed Combat
  6032 | D:6      | HP: 2/60 [something (5)]
  6043 | D:6      | Killed from afar by a vampire

Illustrated notes

Levels and vault maps discovered:
D:1:      matt_arrival_refuge, layout_basic, ebering_ecumenical_altar_webs,
          nrook_uturn, chequers_serial_rivers_marsh
D:2:      cheibrodos_greedy_goblins, layout_loops_ring, basic_altar
D:3:      layout_basic, serial_corexii_hall, chequers_hall_statues_y,
          chequers_hall_statues_corner_a, chequers_hall_statues_wall_a,
          corexii_hall_statues_u, corexii_hall_statues_l,
          chequers_hall_statues_wall_a, uniq_crazy_yiuf_cottage, uniq_robin
D:4:      layout_layer_cave, dk_vineyard_2
D:5:      layout_rooms, minmay_temple_entry_crystal_x, enter_ossuary_1,
          minmay_hedge_maze, minmay_fountain_box, minivault_1, minivault_4,
          uniq_grinder, uniq_edmund, uniq_sigmund
D:6:      layout_basic, lemuel_mausoleum_altar_yredelemnul
Temple:   compressed_dpeg_triangle_lava_temple

Skill      XL: |  1  2  3  4  5  6  7  8 |
---------------+-------------------------+-----
Short Blades   | 3 4 5 6 7 8 |  8.9
Fighting       | 3 4 |  4.0
Dodging        | 3 4 |  4.0
Invocations    | 2 4 |  4.0
Unarmed Combat | 1 |  1.7
Throwing       | |  1.7

Action                     |  1- 3 |  4- 6 |  7- 9 || total
---------------------------+-------+-------+-------++-------
  Melee: Short sword       |    84 |   135 |   327 ||   546
         Touch             |    11 |    25 |    65 ||   101
         Punch             |       |     2 |     6 ||     8
  Throw: Stone             |     1 |     2 |    15 ||    18
         Throwing net      |       |     2 |     5 ||     7
  Evoke: Wand              |       |       |     1 ||     1
    Use: Scroll            |     6 |     4 |     2 ||    12
         Potion            |     1 |       |     5 ||     6
   Stab: Sleeping          |     2 |     1 |     1 ||     4
         Held in net/web   |       |       |     1 ||     1
 Armour: Leather armour    |    12 |    44 |   134 ||   190
  Dodge: Dodged            |    35 |    79 |   216 ||   330

Table legend: (Time is in decaauts)
 A = Elapsed time spent in this place.
 B = Non-inter-level travel time spent in this place.
 C = Inter-level travel time spent in this place.
 D = Time resting spent in this place.
 E = Time spent auto-exploring this place.
 F = Levels seen in this place.
 G = Mean time per level.
                   A        B        C        D        E       F      G
               +--------+--------+--------+--------+--------+-----+--------+
         Total |   5878 |   5295 |    583 |    630 |   3290 |   8 |  734.8 |
       Dungeon |   5317 |   4734 |    583 |    615 |   2935 |   6 |  886.2 |
        Temple |    347 |    347 |      0 |      0 |    326 |   1 |  347.0 |
       Ossuary |    212 |    212 |      0 |     15 |     29 |   1 |  212.0 |
               +--------+--------+--------+--------+--------+-----+--------+

Top non-repeatable levels by time:
     D:3: 1237 daAuts
     D:4: 1148 daAuts
     D:5: 1072 daAuts
     D:2: 921 daAuts
     D:1: 895 daAuts
  Temple: 347 daAuts
 Ossuary: 212 daAuts
     D:6: 42 daAuts
